 Dungeon Crawl Stone Soup version 0.31-a0-620-gd1cbd99268 (webtiles) character file.

Game seed: 11064932464272956389

11156 Dittersdorf the Protected (level 11, -6/73 HPs)
             Began as a Gargoyle Fighter on Aug 23, 2023.
             Was an Elder of the Shining One.
             Killed by divine providence
             ... invoked by an orc priest
             ... summoned by an orange crystal statue
              (16 damage)
             ... on level 10 of the Dungeon.
             The game lasted 00:19:23 (11746 turns).

Dittersdorf the Protected (Gargoyle Fighter)       Turns: 11746, Time: 00:19:24

Health: -6/73      AC: 34    Str: 28      XL:     11   Next: 73%
Magic:  3/11       EV:  9    Int:  4 (9)  God:    the Shining One [****..]
Gold:   627        SH:  0    Dex:  9      Spells: 10/10 levels left

rFire   + . .        x - +0 morningstar
rCold   . . .        c - +1 buckler
rNeg    + + +        F - +2 chain mail "Dubenev" {Str+4}
rPois   ∞            m - +2 helmet
rElec   +            d - +1 cloak
rCorr   .            y - +0 pair of gloves
SInv    .            j - +0 pair of boots
Will    .....        e - amulet of magic regeneration Stlth
                     l - +4 ring of protection
HPRegen 0.32/turn    w - ring of protection from fire
MPRegen 0.52/turn

%: no passive effects
@: confused, mighty, brilliant, on berserk cooldown, slowed, glowing, very slow
A: sickness immunity, AC +8, negative energy resistance 1, electricity
resistance, torment resistance 1, petrification resistance
a: Renounce Religion, Divine Shield, Cleansing Flame


You were on level 10 of the Dungeon.
You worshipped the Shining One.
The Shining One was greatly pleased with you.
You visited 2 branches of the dungeon, and saw 12 of its levels.

You collected 809 gold pieces.
You spent 182 gold pieces at shops.

Inventory:

Hand Weapons
 x - a +0 morningstar (weapon)
Missiles
 b - 2 throwing nets
 D - 6 curare-tipped darts (quivered)
Armour
 c - a +1 buckler (worn)
 d - a +1 cloak (worn)
 j - a +0 pair of boots (worn)
 m - a +2 helmet (worn)
 y - a +0 pair of gloves (worn)
 F - the +2 chain mail "Dubenev" (worn) {Str+4}
   (You found it on level 10 of the Dungeon)

   Str+4:     It affects your strength (+4).
Jewellery
 e - an amulet of magic regeneration (around neck)
 l - a +4 ring of protection (left hand)
 n - a ring of fire
 w - a ring of protection from fire (right hand)
 G - a ring of willpower
Wands
 B - a wand of flame (8)
Scrolls
 g - 4 scrolls of enchant weapon
 k - 2 scrolls of teleportation
 s - 2 scrolls of enchant armour
 t - 3 scrolls of revelation
 A - 6 scrolls of blinking
 E - a scroll of summoning {unknown}
Potions
 a - a potion of ambrosia
 f - 2 potions of cancellation {unknown}
 i - 3 potions of haste {unknown}
 o - a potion of resistance
 p - 4 potions of attraction {unknown}
 q - 3 potions of heal wounds
 r - a potion of might
 u - 3 potions of enlightenment
 C - a potion of mutation
 H - a potion of lignification {unknown}


   Skills:
 + Level 10.6 Fighting
 + Level 9.4 Maces & Flails
 + Level 10.6 Armour
 + Level 10.6 Shields


You had 10 spell levels left.
You didn't know any spells.
Your spell library contained the following spells:

 Spells                   Type           Power      Damage    Failure   Level
 Slow                     Hex            0%         N/A       92%         1
 Blink                    Tloc           0%         N/A       98%         2
 Wereblood                Tmut           0%         N/A       98%         2
 Confusing Touch          Hex            0%         N/A       100%        3
 Vampiric Draining        Necr           0%         2d6       100%        3
 Vhi's Electric Charge    Tloc/Air       0%         N/A       100%        3
 Manifold Assault         Tloc           0%         N/A       100%        4
 Arcjolt                  Conj/Air       0%         1d10      100%        5
 Irradiate                Conj/Tmut      0%         3d11      100%        5
 Summon Forest            Summ/Tloc      0%         N/A       100%        5
 Summon Mana Viper        Hex/Summ       0%         N/A       100%        5
 Dispersal                Tloc           0%         N/A       100%        6
 Summon Cactus Giant      Summ           0%         N/A       100%        6
 Disjunction              Tloc           0%         N/A       100%        8
 Maxwell's Capacitive Co  Air            0%         ∞         100%        8


Dungeon Overview and Level Annotations

Branches:
Dungeon (11/15)            Temple (0/1) D:4            Lair (0/5) D:11
    Orc (1/2) D:9

Altars:
Cheibriados
Fedhas
Gozag
Hepliaklqana
Nemelex Xobeh
Okawaru
Xom
Yredelemnul
Zin
The Shining One

Shops:
D:2 :   D:8 :   D:9 [([*!   D:11 *

Portals:
Trove: D:10 (give horn of Geryon)

Annotations:
D:6 1 transporter
D:10 exclusion: orange crystal statue
D:11 3 runed translucent doors, Sekkong's ghost, journeyman MiFi


Innate Abilities, Weirdness & Mutations

You are immune to sickness and miasma.
Your stone body is resilient. (AC +8)
You are immune to poison.
You resist negative energy. (rN+)
You are resistant to electric shocks. (rElec)
You are resistant to unholy torment.
You are immune to petrification.


Message History

You are no longer berserk.
You are exhausted.
You feel yourself slow down.
The wyvern bites you but does no damage.
The orange crystal statue fixes its piercing gaze on you.
You feel your power leaking away. The orc barely misses you.
The orc priest calls down the wrath of Beogh upon you.
Beogh smites you! The centaur hits you.
The centaur kicks you but does no damage.
You bump into the crystal wall.
You feel less confused. The wyvern bites you! The centaur barely misses you.
The centaur kicks you but does no damage.
The wyvern bites you! The orc hits you but does no damage.
You block the centaur's attack.
The centaur kicks you but does no damage.
The wyvern bites you but does no damage.
The orange crystal statue fixes its piercing gaze on you.
Something tries to feed on your intellect!
You impale the centaur!!
You kill the centaur!
The centaur's corpse dissolves into shadows!
You block the wyvern's attack. The orc hits you but does no damage.
The orange crystal statue glitters.
You are confused.
The wyvern bites you but does no damage.
The orc hits you but does no damage.
The orc priest calls down the wrath of Beogh upon you.
Beogh smites you!
* * * LOW HITPOINT WARNING * * *
You bump into the crystal wall.
The wyvern bites you but does no damage.
The orc priest barely misses you. The orc hits you but does no damage.
The wyvern closely misses you.
You bump into the crystal wall.
The wyvern bites you but does no damage.
The orc priest calls down the wrath of Beogh upon you.
Beogh smites you!
You die...

#....###.###.?..#.# #.
#..###.....###..#.# #.
#..#...#+#...#....# #.
##.##.###.###.##.### #.
#..#..#.....#[.#..# #.
#.##.##..$..##.##.# ###.
#.'..+..)8$o.'..'.# #...
#.##.##..(ol##.##.# #.#.
#..#..#..!o@#..#..# #.#.
##.##.###.###.##.## #.#.
#..#...#+#...#..########.##
##.###.....###.#...........
#...###.###...#.##########
#.....#'#.......# #
##...........#### #
###.......### #########


You could see an orange crystal statue, a wyvern (summoned), an orc priest
(summoned), an orc wizard (summoned, invisible) and an orc (summoned).

Vanquished Creatures
  A two-headed ogre (D:10)
  Pikel (D:7)
  A manticore (D:11)
  A gargoyle (D:11)
  2 trolls (D:10)
  A spriggan (D:8)
  12 yaks
  The ghost of Age the Trooper, an amateur MiFi (D:3)
  3 wyverns
  2 wraiths (D:10)
  5 steam dragons
  7 vampire mosquitoes (D:10)
  3 acid dragons
  2 wargs
  A water moccasin (D:8)
  A black bear (D:7)
  5 ice beasts
  A sky beast (D:7)
  An orc warrior (D:11)
  4 ogres
  2 centaurs
  2 phantoms (D:4)
  2 bullfrogs (D:8)
  A scorpion (D:5)
  6 wights
  7 killer bees
  5 howler monkeys
  2 electric eels (D:9)
  4 crimson imps (D:8)
  2 centaur zombies (D:3)
  3 hounds
  A jelly (D:7)
  3 gnoll boudas
  6 orc priests
  An iron imp (D:10)
  Crazy Yiuf (D:2)
  2 sleepcaps
  2 bullfrog skeletons (D:3)
  2 iguanas (D:5)
  13 orc wizards
  16 gnolls
  11 adders
  2 white imps
  2 ufetubi
  A worm (D:2)
  A dart slug (D:2)
  44 orcs
  6 endoplasms
  4 giant cockroaches
  11 goblins
  8 hobgoblins
  15 jackals
  4 quokkas
  14 ball pythons
  3 bats
  5 frilled lizards
  A goblin zombie (D:8)
  A jackal zombie (D:8)
  14 kobolds
  3 rats
288 creatures vanquished.

Notes
Turn   | Place    | Note
-------+----------+-------------------------------------------
     0 | D:1      | Dittersdorf the Gargoyle Fighter began the quest for the
                  | Orb.
     0 | D:1      | Reached XP level 1. HP: 14/14 MP: 1/1
   153 | D:1      | Reached XP level 2. HP: 19/19 MP: 2/2
   438 | D:1      | Reached XP level 3. HP: 23/23 MP: 3/3
   842 | D:2      | Found Lifut's Book Shoppe.
   877 | D:2      | Found a runed translucent door.
   878 | D:2      | Noticed Crazy Yiuf
   920 | D:2      | Reached XP level 4. HP: 29/29 MP: 4/4
  1217 | D:2      | Found a glowing golden altar of the Shining One.
  1226 | D:2      | Became a worshipper of the Shining One
  1390 | D:2      | Killed Crazy Yiuf
  1391 | D:2      | Reached XP level 5. HP: 25/33 MP: 5/5
  1476 | D:3      | Found an opulent altar of Gozag.
  1513 | D:3      | Found a transporter.
  1516 | D:3      | Noticed Age's ghost (amateur MiFi)
  2039 | D:3      | Found a transporter.
  2129 | D:3      | Reached * piety under the Shining One
  2254 | D:4      | Reached XP level 6. HP: 37/39 MP: 6/6
  2438 | D:4      | Reached skill level 5 in Shields
  2556 | D:4      | Reached skill level 5 in Fighting
  2556 | D:4      | Reached skill level 5 in Armour
  2556 | D:4      | Reached XP level 7. HP: 42/44 MP: 7/7
  2570 | D:4      | Found a glowing silver altar of Zin.
  2782 | D:4      | Found a staircase to the Ecumenical Temple.
  3083 | D:5      | Entered Level 5 of the Dungeon
  3273 | D:5      | Found a blossoming altar of Fedhas.
  3752 | D:5      | Reached XP level 8. HP: 33/51 MP: 8/8
  4027 | D:5      | Reached ** piety under the Shining One
  4392 | D:5      | Reached skill level 5 in Maces & Flails
  5294 | D:6      | Found a sparkling altar of Nemelex Xobeh.
  5294 | D:6      | Found a transporter.
  5295 | D:6      | Noticed a cyclops
  5425 | D:7      | Found a hazy altar of Hepliaklqana.
  5578 | D:7      | Reached XP level 9. HP: 33/56 MP: 9/9
  5807 | D:7      | Noticed Pikel
  5826 | D:7      | Killed Pikel
  6608 | D:8      | Found Yhett's Book Shop.
  6677 | D:8      | Found an iron altar of Okawaru.
  6785 | D:8      | Reached XP level 10. HP: 64/64 MP: 10/10
  6799 | D:8      | Found a shimmering altar of Xom.
  6808 | D:8      | Reached *** piety under the Shining One
  6904 | D:8      | Found a runed translucent door.
  6909 | D:8      | Found a basalt altar of Yredelemnul.
  7548 | D:9      | Found Eplecit's Distillery.
  7554 | D:9      | Bought a potion of heal wounds for 70 gold pieces
  7554 | D:9      | Bought a potion of mutation for 112 gold pieces
  7940 | D:9      | Found a staircase to the Orcish Mines.
  7972 | D:9      | Found Vifof's General Store.
  8069 | D:9      | Found Ollo Peo's Armour Shop.
  8345 | D:9      | Found Ysocam's Antique Armour Shoppe.
  8529 | D:9      | Found Gemin's Antique Weapon Boutique.
  8830 | D:10     | Entered Level 10 of the Dungeon
  9046 | D:10     | Found a runed translucent door.
  9056 | D:10     | Reached **** piety under the Shining One
  9071 | D:10     | Found a runed translucent door.
  9083 | D:10     | Found a runed translucent door.
  9222 | D:10     | Found a snail-covered altar of Cheibriados.
  9243 | D:10     | Identified the +2 chain mail "Dubenev" {Str+4}
  9253 | D:10     | Found a portal to a secret trove of treasure.
  9327 | D:10     | Reached XP level 11. HP: 65/71 MP: 11/11
  9384 | D:10     | Noticed a two-headed ogre
  9405 | D:10     | Killed a two-headed ogre
  9733 | D:10     | Found a runed translucent door.
  9894 | Orc:1    | Entered Level 1 of the Orcish Mines
  9981 | D:10     | Reached skill level 10 in Armour
 10010 | D:10     | Reached skill level 10 in Fighting
 10010 | D:10     | Reached skill level 10 in Shields
 10180 | D:11     | Found a runed translucent gate.
 10181 | D:11     | Found a runed translucent gate.
 10182 | D:11     | Found a runed translucent gate.
 10184 | D:11     | Found an opulent altar of Gozag.
 10185 | D:11     | Noticed Sekkong's ghost (journeyman MiFi)
 10185 | D:11     | Noticed an ogre mage
 10186 | D:11     | Found Utzimah's Assorted Antiques.
 10365 | D:11     | Noticed a manticore
 10806 | D:11     | Killed a manticore
 10855 | D:11     | Found a staircase to the Lair.
 11311 | D:3      | Killed Age's ghost
 11664 | D:10     | Noticed an orange crystal statue
 11746 | D:10     | Killed from afar by an orc priest

Illustrated notes

Levels and vault maps discovered:
D:1:      minmay_arrival_arboretum_large, layout_loops_ring
D:2:      layout_rooms, basic_altar, serial_shops,
          nicolae_shop_advertising_works [nicolae_subvault_shop_adworks],
          minmay_misc_feat_more_columns, uniq_crazy_yiuf_cottage
D:3:      layout_loops_ring, grunt_gozag_breadcrumbs, gammafunk_ghost_mausoleum
D:4:      layout_cave_pods, mainiacjoe_overflow_chevrons, temple_fountains
D:5:      layout_cave_pods, fedhas_bush_and_centaur_altar
D:6:      layout_gridville, grunt_nemelex_the_gamble
D:7:      layout_basic, nzn_hepliaklqana_mist_gate, nicolae_hexahallways,
          uniq_pikel
D:8:      layout_basic, dk_yredelemnul_ordeal, okawaru_metal_pillars_1_2,
          led_xom_imps, serial_shops, shop, the_hattery
D:9:      layout_basic, erik_orc_3, serial_shops, nicolae_inconvenience_store,
          shop, shop, nicolae_shop_real_fake_doors, shop_fountains
D:10:     layout_basic, slow_altar_1, serial_rivers,
          chequers_serial_rivers_marsh, chequers_serial_rivers_room_a,
          chequers_serial_rivers_room_a, chequers_serial_rivers_room_b,
          chequers_serial_rivers_small_b, enter_trove_1,
          minmay_statue_crystal_thing
D:11:     layout_cave_pools, erik_lair_orcish_takeover, ebering_ghost_gozag
Orc:1:    layout_caves

Skill      XL: |  1  2  3  4  5  6  7  8  9 10 11 |
---------------+----------------------------------+-----
Shields        | 4 5 6 8 9 10 | 10.6
Fighting       | 4 5 6 8 9 10 | 10.6
Armour         | 4 5 6 8 9 10 | 10.6
Maces & Flails | 3 4 5 7 8 9 |  9.4

Action                     |  1- 3 |  4- 6 |  7- 9 | 10-12 || total
---------------------------+-------+-------+-------+-------++-------
  Melee: Flail             |   144 |   188 |   327 |       ||   659
         Morningstar       |       |       |    46 |   432 ||   478
    Use: Potion            |       |     1 |       |     7 ||     8
         Scroll            |       |     8 |     4 |     5 ||    17
 Armour: Scale mail        |    65 |       |       |       ||    65
         Ring mail         |    38 |   132 |   258 |   152 ||   580
         Chain mail        |       |       |       |   317 ||   317
  Dodge: Dodged            |   102 |   127 |   187 |   284 ||   700
  Block: Buckler           |    35 |    53 |   116 |   199 ||   403

Table legend: (Time is in decaauts)
 A = Elapsed time spent in this place.
 B = Non-inter-level travel time spent in this place.
 C = Inter-level travel time spent in this place.
 D = Time resting spent in this place.
 E = Time spent auto-exploring this place.
 F = Levels seen in this place.
 G = Mean time per level.
                   A        B        C        D        E       F      G
               +--------+--------+--------+--------+--------+-----+--------+
         Total |  11982 |  11117 |    865 |   1164 |   7356 |  12 |  998.5 |
       Dungeon |  11977 |  11113 |    864 |   1164 |   7356 |  11 | 1088.8 |
  Orcish Mines |      4 |      4 |      0 |      0 |      0 |   1 |    4.0 |
               +--------+--------+--------+--------+--------+-----+--------+

Top non-repeatable levels by time:
    D:10: 1729 daAuts
     D:9: 1419 daAuts
     D:5: 1258 daAuts
     D:7: 1227 daAuts
     D:6: 1179 daAuts
     D:8: 1148 daAuts
     D:3: 935 daAuts
     D:4: 881 daAuts
     D:1: 800 daAuts
     D:2: 736 daAuts
    D:11: 659 daAuts
   Orc:1: 4 daAuts
